AoeStats
← Dragon

Arena

507867745Analyzed
4v4 RM · 13d ago on Sep 20, 2026· 67m 14s· 8 players
Game mode
Random Map
Map size
Large (8 player)
Population
200
Speed
Normal
Resources
Standard
Victory
Conquest
Starting age
Dark Age
Ending age
Imperial Age
RankedLock teamsTeams togetherTeam positionsShared explorationLock speedFull tech treeHidden civsTurbo modeCheats
Victory
Defeat
🇩🇪 Gurjaras · Germany
1312
+14
🇩🇪 Portuguese · Germany
1297
+15
🇩🇪 Burmese · Germany
1296
+15
🇩🇪 Slavs · Germany
1289
+15
🇨🇴 Khmer · Colombia
1297
-16
🇵🇪 Cumans · Peru
1292
-15
🇮🇹 Goths · Italy
1253
-14
🇵🇪 Italians · Peru
1241
-14
MLT | Bombad Gastald
2:28 Loom
12:05 Feudal Age
15:55 Castle Age
13:56 Double-Bit Axe
14:15 Horse Collar
17:19 Bow Saw
18:38 Scale Mail Armor
21:40 Squires
25:28 Forging
28:12 Heavy Plow
36:34 Anarchy
47:31 Imperial Age
59:30 Man-at-Arms
64:25 Two-Man Saw
65:02 Crop Rotation
66:03 Wheelbarrow
le Julianchy
10:25 Feudal Age
14:09 Castle Age
12:02 Double-Bit Axe
12:19 Horse Collar
14:35 Gold Mining
15:58 Forging
17:22 Scale Barding Armor
19:37 Husbandry
21:48 Bloodlines
22:56 Bow Saw
26:04 Iron Casting
28:59 Wheelbarrow
28:25 Heavy Plow
29:34 Loom
30:24 Hand Cart
30:14 Town Watch
30:14 Light Cavalry
36:51 Gold Shaft Mining
42:44 Imperial Age
40:37 Ballistics
42:11 Chain Barding Armor
43:44 Heavy Scorpion
45:23 Crop Rotation
44:33 Hussar
45:53 Conscription
46:04 Double Crossbow
48:05 Chemistry
54:47 Capped Ram
aariva83
2:44 Loom
3:08 Loom
10:07 Feudal Age
10:54 Double-Bit Axe
17:47 Wheelbarrow
18:17 Horse Collar
27:46 Castle Age
26:03 Gold Mining
27:36 Forging
27:55 Bloodlines
28:12 Scale Barding Armor
28:10 Stone Mining
28:51 Heavy Plow
29:02 Bow Saw
29:34 Iron Casting
29:39 Light Cavalry
33:04 Chain Barding Armor
33:14 Hand Cart
32:47 Town Watch
34:02 Steppe Husbandry
35:43 Coinage
35:57 Gold Shaft Mining
40:16 Imperial Age
40:23 Hussar
40:28 Elite Steppe Lancer
42:11 Two-Man Saw
41:42 Crop Rotation
41:56 Plate Barding Armor
43:09 Conscription
46:57 Blast Furnace
Kierkegaard
10:14 Feudal Age
13:14 Wheelbarrow
13:47 Fletching
15:38 Padded Archer Armor
22:28 Double-Bit Axe
22:24 Horse Collar
23:01 Loom
26:23 Castle Age
26:48 Gold Mining
26:50 Stone Mining
27:18 Crossbowman
27:54 Bodkin Arrow
32:26 Imperial Age
31:04 Ballistics
31:57 Leather Archer Armor
34:26 Chemistry
34:59 Bracer
36:10 Ring Archer Armor
36:50 Pikeman
37:39 Thumb Ring
40:54 Bow Saw
41:15 Fortified Wall
41:18 Masonry
42:31 Elite Skirmisher
46:54 Architecture
46:20 Murder Holes
45:49 Elite Genoese Crossbowman
46:51 Conscription
48:32 Arbalester
53:59 Hand Cart
53:29 Town Watch
siggi-lok
12:17 Feudal Age
15:50 Castle Age
14:02 Horse Collar
15:08 Double-Bit Axe
18:33 Heavy Plow
32:12 Imperial Age
30:08 Loom
30:09 Town Watch
30:59 Wheelbarrow
30:43 Fortified Wall
33:18 Scale Mail Armor
33:29 Forging
33:15 Pikeman
35:02 Chemistry
34:05 Arquebus
33:41 Man-at-Arms
34:49 Long Swordsman
35:15 Gambesons
37:04 Chain Mail Armor
36:39 Fletching
37:23 Elite Organ Gun
38:37 Conscription
39:29 Elite Organ Gun
41:43 Plate Mail Armor
41:35 Hand Cart
41:20 Town Patrol
41:59 Siege Engineers
53:10 Halberdier
55:56 Plate Mail Armor
56:03 Iron Casting
58:03 Thumb Ring
57:19 Elite Skirmisher
59:03 Blast Furnace
58:04 Padded Archer Armor
57:59 Bodkin Arrow
65:45 Leather Archer Armor
65:31 Bracer
lord-cherry
10:04 Feudal Age
10:37 Horse Collar
10:43 Double-Bit Axe
17:38 Castle Age
17:59 Bloodlines
23:07 Heavy Plow
23:55 Scale Barding Armor
27:00 Bow Saw
28:04 Gold Mining
28:51 Stone Mining
30:27 Gold Shaft Mining
31:47 Chain Barding Armor
31:37 Forging
34:50 Elite Skirmisher
36:19 Iron Casting
39:29 Imperial Age
37:27 Detinets
41:01 Fletching
41:11 Padded Archer Armor
41:47 Plate Barding Armor
43:07 Hoardings
42:58 Bodkin Arrow
45:28 Chemistry
44:41 Masonry
48:05 Blast Furnace
47:21 Leather Archer Armor
65:25 Two-Man Saw
Who am I
10:41 Feudal Age
14:40 Castle Age
13:22 Horse Collar
15:46 Wheelbarrow
17:54 Loom
21:46 Heavy Plow
23:28 Hand Cart
28:05 Pikeman
30:10 Herbal Medicine
36:03 Imperial Age
36:26 Scale Mail Armor
36:36 Forging
36:28 Halberdier
37:53 Squires
37:15 Man-at-Arms
37:40 Gambesons
38:40 Crop Rotation
39:39 Gold Mining
39:39 Stone Mining
39:46 Stone Mining
40:13 Chain Mail Armor
40:33 Iron Casting
39:21 Long Swordsman
40:04 Arson
41:05 Conscription
41:11 Manipur Cavalry
41:14 Fletching
41:25 Padded Archer Armor
41:56 Plate Mail Armor
41:07 Two-Handed Swordsman
42:05 Champion
44:12 Elite Arambai
44:57 Bodkin Arrow
46:03 Blast Furnace
48:06 Bloodlines
47:57 Husbandry
47:59 Bracer
50:42 Gold Shaft Mining
52:17 Onager
52:54 Treadmill Crane
53:35 Ballistics
54:16 Chemistry
64:40 Caravan
66:20 Siege Engineers
Dragon
5:11 Loom
10:30 Feudal Age
12:10 Man-at-Arms
13:10 Gold Mining
15:46 Forging
19:47 Double-Bit Axe
26:58 Castle Age
29:20 Fletching
36:28 Wheelbarrow
37:16 Scale Barding Armor
42:06 Imperial Age
40:09 Chain Barding Armor
40:24 Iron Casting
40:50 Bloodlines
41:40 Bow Saw
41:39 Husbandry
43:09 Iron Casting
43:35 Elite Shrivamsha Rider
53:10 Hand Cart
53:27 Conscription
53:21 Heavy Camel Rider
57:40 Plate Barding Armor
57:02 Bodkin Arrow
63:12 Light Cavalry
65:04 Horse Collar
65:51 Hussar
Connection lost

Rejoining the realm…

Still unreachable

The connection could not be restored.

Session expired

The server has moved on; the page needs a fresh start.